 Dungeon Crawl Stone Soup version 0.26-a0-154-g3d63440f56 (webtiles) character file.

Game seed: 16435441899873609575

4 Flugslaktarn the Stinger (level 1, 0/9 HPs)
             Began as a Vine Stalker Venom Mage on July 1, 2020.
             Slain by a hobgoblin
             ... wielding a +0 club
              (4 damage)
             ... on level 2 of the Dungeon.
             The game lasted 00:00:43 (156 turns).

Flugslaktarn the Stinger (Vine Stalker Venom Mage)   Turns: 156, Time: 00:00:44

Health: 0/9        AC:  2    Str: 10    XL:     1   Next: 70%
Magic:  0/4        EV: 12    Int: 15    God:
Gold:   0          SH:  0    Dex: 14    Spells: 3/4 levels left

rFire    . . .     SeeInvis .   (no weapon)
rCold    . . .     Faith    .   (no shield)
rNeg     . . .     Spirit   +   a - +0 robe
rPois    .         Reflect  .   (no helmet)
rElec    .         Harm     .   (no cloak)
rCorr    .                      (no gloves)
MR       .....                  (no boots)
Stlth    ++........             (no amulet)
HPRegen  0.03/turn              (no ring)
MPRegen  0.09/turn              (no ring)

@: no status effects
A: fangs 2, magic shield, antimagic bite, no potion heal 3, rot immunity
a: no special abilities


You were on level 2 of the Dungeon.
You were not hungry.

You visited 1 branch of the dungeon, and saw 2 of its levels.

Inventory:

Armour
 a - a +0 robe (worn)
 d - a +0 tower shield
   (You found it on level 1 of the Dungeon)
Scrolls
 e - a scroll of fear {unknown}
 f - a scroll of identify {unknown}
Potions
 b - a potion of might {unknown}
Comestibles
 c - 3 rations


   Skills:
 - Level 1.5 Dodging
 - Level 2.4 Stealth
 + Level 2.3 Spellcasting
 - Level 1.0 Transmutations
 * Level 3.2 Poison Magic


You had 3 spell levels left.
You knew the following spells:

 Your Spells              Type           Power        Failure   Level  Hunger
a - Sting                 Tmut/Pois      #...         9%          1    #......

Your spell library contained the following spells:

 Spells                   Type           Power        Failure   Level  Hunger
 Poisonous Vapours        Pois/Air       #.....       17%         2    ###....
 Ignite Poison            Fire/Tmut/Pois #.......     34%         3    ###....
 Mephitic Cloud           Conj/Pois/Air  #.......     38%         3    ###....
 Olgreb's Toxic Radiance  Pois           ##......     50%         4    #####..


Dungeon Overview and Level Annotations

Branches:
Dungeon (2/15)

Altars:


Innate Abilities, Weirdness & Mutations

You have extremely sharp teeth.
When hurt, damage is shared between your health and your magic reserves.
Your bite disrupts and absorbs the magic of your enemies.
Potions cannot restore your health.
You are immune to rotting.


Message History

You barely miss the leopard gecko.
The leopard gecko is severely wounded.
The leopard gecko bites you but does no damage.
Unknown command.
You hit the leopard gecko.
You kill the leopard gecko!
Unknown command.
You climb downwards.
There is a stone staircase leading up here.
Unknown command.
Found a ration.
c - 3 rations (gained 1)
A leopard gecko comes into view.
Casting: Sting (safe; 10% risk of failure)
Confirm with . or Enter, or press ? or * to list all spells.
You can't see any susceptible monsters within range! (Use Z to cast anyway.) Unknown command.
Casting: Sting (safe; 10% risk of failure)
Confirm with . or Enter, or press ? or * to list all spells.
You can't see any susceptible monsters within range! (Use Z to cast anyway.) Unknown command.
Casting: Sting (safe; 10% risk of failure)
Confirm with . or Enter, or press ? or * to list all spells.
Aiming: Sting (safe; 10% risk of failure)
Press: ? - help, Shift-Dir - straight line, f - leopard gecko
Aim: a leopard gecko (asleep)
The sting hits the leopard gecko.
The leopard gecko is poisoned.
The leopard gecko is severely wounded.
The leopard gecko hisses angrily.
Casting: Sting (safe; 10% risk of failure)
Confirm with . or Enter, or press ? or * to list all spells.
Aiming: Sting (safe; 10% risk of failure)
Press: ? - help, Shift-Dir - straight line, f/p - leopard gecko
Aim: a leopard gecko (severely wounded, poisoned)
The sting hits the leopard gecko.
The leopard gecko looks even sicker.
You kill the leopard gecko!
You open the door.
There is an open door here.
A hobgoblin comes into view. It is wielding a +0 club.
The hobgoblin shouts!
Casting: Sting (safe; 9% risk of failure)
Confirm with . or Enter, or press ? or * to list all spells.
Aiming: Sting (safe; 9% risk of failure)
Press: ? - help, Shift-Dir - straight line, f - hobgoblin
Aim: a hobgoblin, wielding a +0 club The sting hits the hobgoblin but does no damage.
The hobgoblin is poisoned.
The hobgoblin hits you but does no damage.
You open the door. The hobgoblin hits you with a +0 club.
You die...

.# #.###.# ##...##
.###.###.# ##.....##
.........# ##.......##
####.#...####.........#
#........'.........+
#.#...####.........#
#...#.# ##.......##
###...# ##.g...## ##.##
##@..## #.# ##'## #. .#
.. .# .# .. .. ..


You could see a hobgoblin (poisoned).

Vanquished Creatures
  2 leopard geckos
  A bat (D:1)
3 creatures vanquished.

Notes
Turn   | Place    | Note
-------+----------+-------------------------------------------
     0 | D:1      | Flugslaktarn the Vine Stalker Venom Mage began the quest
                  | for the Orb.
     0 | D:1      | Reached XP level 1. HP: 9/9 MP: 4/4
   156 | D:2      | Slain by a hobgoblin

Illustrated notes

Levels and vault maps discovered:
D:1:      minmay_arrival_widening_spiral_wide, layout_rooms, minmay_tromino_v7
D:2:      layout_loops_corners, kennysheep_slug_shrine, serial_bayou_ford_a,
          uniq_natasha, uniq_terence

Action                   || total
-------------------------++-------
Melee: Unarmed           ||     3
 Cast: Sting             ||     6
Armor: Robe              ||     2
Dodge: Dodged            ||     2

Table legend:
 A = Non-vault XP
 B = Vault XP
 C = Vault XP percentage of total XP
 D = Non-vault monster count
 E = Vault monster count
 F = Vault count percentage of total count
                 A         B        C        D         E       F
            +---------+---------+-------+---------+---------+-------
      Total |       7 |       0 |   0.0 |       3 |       0 |   0.0
            +---------+---------+-------+---------+---------+-------
        D:1 |       4 |       0 |   0.0 |       2 |       0 |   0.0
        D:2 |       3 |       0 |   0.0 |       1 |       0 |   0.0
            +---------+---------+-------+---------+---------+-------
